cohdb
Replays
Latest Replays
All Replays
Popular Replays
Top Player Replays
Match Explorer
How It Works
Community
CoH3 Stats
Reddit
Sign in to upload your games and track your stats! →
Sign in with Steam
Calliope's did not pay off
Match 36548103
Overview
Messages
Build Orders
End
Scout Squad
Construct Weapon Support Center
M1919 Machine Gun Team
Engineer Squad
M1919 Machine Gun Team
Infantry Support Center
M3 Armored Personnel Carrier
Construct Medical Station
Demolitions Package
Engineer Squad
M3 Armored Personnel Carrier
Munitions Surplus
Selects Special Operations Battlegroup
Selects M29 Weasel Recon Vehicle
Selects P-47 Anti-Infantry Loiter
Selects UNKNOWN (2162291)
Construct Tank Depot
P-47 Anti-Infantry Loiter
Selects Raiding Flares
Selects SSF Commando Squad
SSF Commando Squad
SSF Commando Squad
M4A1 Sherman Whizbang
Raiding Flares
Engineer Squad
Advanced Logistics
Engineer Squad
Raiding Flares
M18 Hellcat Tank Destroyer
SSF Commando Squad
M4A1 Sherman Whizbang
Survival Training
M4A1 Sherman Whizbang
SSF Commando Squad
Raiding Flares
RandyRhoads101
DoubleCores
0
0
Comments
sign in to comment!
No comments posted yet!